 Dungeon Crawl Stone Soup version 0.16.2-12-gd0ad4c3 (webtiles) character file.

14919 Peloso the Blocker (level 11, -3/99 HPs)
             Began as a Minotaur Fighter on Sept 28, 2015.
             Was a High Priest of Okawaru.
             Slain by Erica
             ... wielding a +0 scimitar of flaming
              (4 damage)
             ... on level 12 of the Dungeon.
             The game lasted 00:41:17 (12231 turns).

Peloso the Blocker (Minotaur Fighter)              Turns: 12231, Time: 00:41:17

Health: -3/99      AC: 19    Str: 27    XL:     11   Next: 95%
Magic:  7/7        EV: 10    Int:  2    God:    Okawaru [*****.]
Gold:   664        SH:  0    Dex: 12    Spells: 0 memorised, 10 levels left

rFire  . . .     SeeInvis .     a - +1 long sword
rCold  . . .     Clarity  .     I - +0 plate armour
rNeg   . . .     SustAb   +     y - +0 shield of the Lute {rCorr Int-3 Stlth+}
rPois  .         Gourm    .     (helmet restricted)
rElec  .         Spirit   .     i - +2 cloak {+Inv}
rCorr  +         Warding  .     (no gloves)
rMut   +         Stasis   .     (no boots)
MR     .....                    l - amulet of resist mutation
Stlth  ..........               Q - ring of invisibility
                                n - ring of sustain abilities

@: confused, mighty, not resistant to hostile enchantments, extremely unstealthy
A: retaliatory headbutt, horns 2, icy blue scales 1
a: Heroism, Finesse, Renounce Religion, Evoke Invisibility


You were on level 12 of the Dungeon.
You worshipped Okawaru.
Okawaru was extremely pleased with you.
You were not hungry.

You visited 2 branches of the dungeon, and saw 13 of its levels.

You collected 664 gold pieces.

Inventory:

Hand weapons
 a - a +1 long sword (weapon)
 A - a +1 whip of pain
 D - the +6 short sword "Ghibid" {pierce, rF++ Stlth-}
   (You found it on level 9 of the Dungeon)

   It inflicts extra damage upon your enemies.
   It greatly protects you from fire.
   It makes you less stealthy.
Armour
 i - a +2 cloak of invisibility (worn)
 y - the +0 shield of the Lute (worn) {rCorr Int-3 Stlth+}
   (You acquired it on level 7 of the Dungeon)

   It affects your intelligence (-3).
   It protects you from acid and corrosion.
   It makes you more stealthy.
 I - a +0 plate armour (worn)
 S - a +0 chain mail of cold resistance
Rods
 r - a -1 rod of shadows (9/9)
   (You found it on level 7 of the Dungeon)
Jewellery
 k - an uncursed amulet of warding {unknown}
 l - an amulet of resist mutation (around neck)
 n - a ring of sustain abilities (left hand)
 w - an uncursed ring of teleport control
 Q - a ring of invisibility (right hand)
 R - an uncursed ring of ice
Magical devices
 t - a wand of frost (17)
 x - a wand of disintegration (9)
 E - a wand of polymorph (10)
 F - a wand of slowing (23)
 H - a wand of flame (13)
 L - a wand of cold (6)
 O - a wand of teleportation (3)
Scrolls
 b - 4 scrolls of fog
 f - 4 scrolls of blinking
 h - 2 scrolls of amnesia
 N - a scroll of magic mapping
 P - a scroll of random uselessness {unknown}
 T - a scroll of enchant armour {unknown}
 U - 4 scrolls of vulnerability {unknown}
 W - 2 scrolls of identify
 X - a scroll of torment {unknown}
Potions
 c - 2 potions of lignification {unknown}
 e - 2 potions of might
 j - a potion of restore abilities {unknown}
 o - a potion of resistance
 u - 3 potions of berserk rage
 v - a potion of agility
 z - a potion of curing
 B - a potion of brilliance
 C - a potion of flight
 G - 2 potions of magic
 K - a potion of poison {unknown}
 M - a potion of cancellation
 Y - a potion of degeneration {unknown}
 Z - a potion of haste
Books
 V - an Akashic Record {highlevel, unknown}

   This book is beyond your current level of understanding.

   Spells                             Type                      Level
   a - Dispersal                      Translocation                6
   b - Controlled Blink               Translocation                7
   c - Malign Gateway                 Summoning/Translocation      7
   d - Disjunction                    Translocation                8
   e - Singularity                    Translocation                9
Comestibles
 d - 9 bread rations
 g - 4 fruits
 m - 4 chunks of flesh
 p - 3 meat rations
 s - 4 royal jellies


   Skills:
 + Level 10.0 Fighting
 + Level 0.4(6.5) Short Blades
 + Level 11.1(11.2) Long Blades
 + Level 11.6 Armour
 + Level 6.1 Dodging
 + Level 1.3 Stealth
 + Level 12.4 Shields
 + Level 1.8 Invocations
 + Level 1.7 Evocations


You had 10 spell levels left.
You didn't know any spells.

Dungeon Overview and Level Annotations

Branches:
Dungeon (12/15)            Temple (1/1) D:4            Lair (0/8) D:10
    Orc (0/4) D:10

Altars:
Ashenzari
Cheibriados
Dithmenos
Elyvilon
Fedhas
Gozag
Kikubaaqudgha
Makhleb
Nemelex Xobeh
Okawaru
Qazlal
Ru
Sif Muna
Trog
Vehumet
Xom
Yredelemnul
Zin
The Shining One
Beogh

Shops:
D:4 %   D:7 *   D:9 =(*(?

Annotations:
D:12 Erica


Innate Abilities, Weirdness & Mutations

You reflexively headbutt those who attack you in melee.
You have a pair of horns on your head.
You are partially covered in icy blue scales (AC +1).


Message History

You completely miss something. Your headbutt misses something.
The wyvern bites you but does no damage.
You hit something. Your headbutt misses something.
You block the wyvern's attack.
You hear some strange, mumbled words.
You are confused.
The wyvern bites you.
* * * LOW HITPOINT WARNING * * *
You bump into the rock wall.
The wyvern bites you but does no damage.
You barely miss something. You headbutt something! The wyvern bites you!
* * * LOW HITPOINT WARNING * * *
Something hits you but does no damage.
The wyvern bites you but does no damage.
You bump into the rock wall.
The wyvern bites you but does no damage.
You swing at nothing.
The wyvern bites you but does no damage.
Something hits you.
You die...

. #. ###
#.### ..
#.... #....
#...†##
#...{D###
#..##@..###
# ###...###
###...#
###.## #..#
##.# ##
#.##### ##.
#.....###..
#####...#.#


You could see a wyvern.

Vanquished Creatures
  Fannar (D:10)
  The ghost of Ordine the Thaumaturge, a powerful GrEE of Vehumet (D:10)
  Urug (D:10)
  An unseen horror (D:8)
  3 hill giants (D:11)
  2 orc knights (D:10)
  A centaur zombie (D:10)
  Psyche (D:10)
  A fire drake (D:10)
  A kobold demonologist (D:8)
  A two-headed ogre (D:11)
  2 trolls (D:10)
  Grinder (D:3)
  12 yaks
  A wraith (D:11)
  A human (D:3)
  A wyvern (D:11)
  3 hungry ghosts
  2 mottled dragons
  Edmund (D:4)
  A phantom (D:7)
  A water moccasin (D:9)
  2 ice beasts (D:9)
  An eye of draining (D:8)
  A black bear (D:8)
  5 ogres
  6 orc warriors
  5 sky beasts
  3 centaurs
  Sigmund (D:5)
  7 giant frogs
  A wyvern zombie (D:7)
  A big kobold (D:10)
  3 scorpions
  A water moccasin skeleton (D:8)
  9 wights
  3 killer bees (D:10)
  10 crimson imps
  4 hounds
  5 jellies
  A goliath beetle (D:8)
  A giant frog zombie (D:6)
  3 centaur skeletons
  2 giant frog skeletons (D:10)
  A quasit (D:10)
  2 worker ants
  7 orc wizards
  Natasha (thrice) (D:3)
  8 orc priests
  4 iguanas
  2 worker ant zombies
  7 gnolls
  17 adders
  A river rat (D:6)
  2 giant mites
  4 shadow imps
  3 worms
  An adder zombie (D:8)
  2 adder skeletons
  An ooze (D:5)
  44 orcs
  4 ball pythons
  17 bats
  A bat skeleton (D:6)
  A bat zombie (D:8)
  5 giant cockroaches
  15 goblins
  16 hobgoblins
  5 jackals
  8 quokkas
  A ball python skeleton (D:4)
  4 giant geckos
  4 giant newts
  A giant spore (D:7)
  A jackal skeleton (D:3)
  18 kobolds
  A kobold skeleton (D:3)
  A quokka skeleton (D:6)
  14 rats
  3 ballistomycetes
344 creatures vanquished.

Vanquished Creatures (others)
  A giant spore (D:10)
1 creature vanquished.

Grand Total: 345 creatures vanquished

Notes
Turn   | Place    | Note
--------------------------------------------------------------
     0 | D:1      | Peloso, the Minotaur Fighter, began the quest for the Orb.
     0 | D:1      | Reached XP level 1. HP: 19/19 MP: 1/1
   142 | D:1      | Reached XP level 2. HP: 27/27 MP: 1/1
   168 | D:1      | You fall through a shaft!
   200 | D:2      | You fall through a shaft!
   247 | D:3      | Reached skill level 4 in Fighting
   258 | D:3      | Reached XP level 3. HP: 17/33 MP: 2/2
  1153 | D:2      | Reached XP level 4. HP: 37/41 MP: 2/2
  1199 | D:2      | Reached skill level 1 in Dodging
  1767 | D:3      | Noticed Grinder
  1781 | D:3      | Killed Grinder
  1781 | D:3      | Reached skill level 5 in Fighting
  1781 | D:3      | Reached skill level 5 in Armour
  1781 | D:3      | Reached skill level 5 in Shields
  1781 | D:3      | Reached XP level 5. HP: 10/48 MP: 2/2
  1781 | D:3      | Reached XP level 6. HP: 11/56 MP: 3/3
  1928 | D:3      | Noticed Natasha
  1933 | D:3      | Killed Natasha
  1947 | D:3      | Noticed Natasha
  1952 | D:3      | Killed Natasha
  1964 | D:3      | Noticed Natasha
  1972 | D:3      | Killed Natasha
  2072 | D:3      | Found a runed door.
  2072 | D:3      | Noticed a human
  2085 | D:3      | Found a basalt altar of Yredelemnul.
  2102 | D:3      | Killed a human
  2164 | D:3      | Reached XP level 7. HP: 61/61 MP: 3/3
  2306 | D:4      | Found a staircase to the Ecumenical Temple.
  2315 | Temple   | Entered the Ecumenical Temple
  2364 | D:4      | Found a snail-covered altar of Cheibriados.
  2366 | D:4      | Found a sparkling altar of Nemelex Xobeh.
  2366 | D:4      | Found an ancient bone altar of Kikubaaqudgha.
  2375 | D:4      | Found a burning altar of Makhleb.
  2376 | D:4      | Found an iron altar of Okawaru.
  2383 | D:4      | Became a worshipper of Warmaster Okawaru
  2397 | D:4      | Found a shimmering altar of Xom.
  2578 | D:4      | Found Greteuf's Food Shop.
  2700 | D:4      | Noticed Edmund
  2714 | D:4      | Killed Edmund
  2714 | D:4      | Reached skill level 6 in Shields
  3346 | D:5      | Entered Level 5 of the Dungeon
  3635 | D:5      | Acquired Okawaru's first power
  3696 | D:5      | Noticed Sigmund
  3703 | D:5      | Killed Sigmund
  3703 | D:5      | Reached skill level 5 in Long Blades
  3703 | D:5      | Reached XP level 8. HP: 52/70 MP: 3/3
  3995 | D:5      | Found a glowing golden altar of the Shining One.
  4496 | D:6      | Reached skill level 7 in Shields
  4678 | D:6      | Reached skill level 1 in Evocations
  5113 | D:6      | Reached XP level 9. HP: 79/79 MP: 4/6
  5283 | D:6      | Reached skill level 5 in Dodging
  5283 | D:6      | Reached skill level 8 in Shields
  5538 | D:7      | Identified a scroll of acquirement
  5541 | D:7      | Got a bloodstained shield
  5552 | D:7      | Identified the +0 shield of the Lute {rCorr Int-3 Stlth+} (You acquired it on level 7 of the Dungeon)
  5616 | D:7      | Found a white marble altar of Elyvilon.
  5962 | D:7      | Found Pnaatwow's Assorted Antiques.
  6071 | D:8      | Reached skill level 1 in Stealth
  6223 | D:8      | Noticed a kobold demonologist
  6229 | D:8      | Noticed an ice devil
  6240 | D:8      | Killed a kobold demonologist
  6346 | D:8      | Reached skill level 9 in Shields
  6734 | D:8      | HP: 3/79 [something (2)]
  6742 | D:8      | Killed an unseen horror
  7208 | D:8      | Reached XP level 10. HP: 76/88 MP: 6/6
  7568 | D:9      | Found Twuut's General Store.
  7575 | D:9      | Found Godur's Weapon Shop.
  7640 | D:9      | Gained mutation: You are partially covered in icy blue scales (AC +1). [potion of beneficial mutation]
  7655 | D:9      | Got a pitted short sword
  7658 | D:9      | Identified the +6 short sword "Ghibid" {pierce, rF++ Stlth-} (You found it on level 9 of the Dungeon)
  7688 | D:9      | Found Solizuk's Jewellery Shop.
  7709 | D:9      | Reached skill level 10 in Shields
  7716 | D:9      | Found Qemias' Weapon Boutique.
  7734 | D:9      | Acquired Okawaru's second power
  7786 | D:9      | Found Liohim Skory's Magic Scroll Shoppe.
  7952 | D:9      | Found a runed door.
  8148 | D:10     | Entered Level 10 of the Dungeon
  8224 | D:10     | Noticed Psyche
  8234 | D:10     | Killed Psyche
  8244 | D:10     | Noticed Fannar
  8270 | D:10     | Killed Fannar
  8270 | D:10     | Received a gift from Okawaru
  8270 | D:10     | Reached skill level 10 in Armour
  8270 | D:10     | Reached skill level 11 in Shields
  8398 | D:10     | Noticed an orc knight
  8426 | D:10     | Killed an orc knight
  8426 | D:10     | Reached XP level 11. HP: 28/95 MP: 7/7
  8449 | D:10     | Noticed an orc knight
  9532 | D:10     | Killed an orc knight
  9773 | D:10     | Found a roughly hewn altar of Beogh.
  9773 | D:10     | Found a staircase to the Orcish Mines.
  9879 | D:10     | Reached skill level 1 in Invocations
  9917 | D:10     | Noticed Urug
  9923 | D:10     | Noticed Ordine's ghost (powerful GrEE)
  9939 | D:10     | Killed Urug
  9939 | D:10     | Reached skill level 10 in Long Blades
 10101 | D:10     | Killed Ordine's ghost
 10360 | D:10     | Found a staircase to the Lair.
 10617 | D:11     | Noticed a hill giant
 10629 | D:11     | Killed a hill giant
 10681 | D:11     | Noticed a hill giant
 10690 | D:11     | Killed a hill giant
 10690 | D:11     | Reached skill level 12 in Shields
 11068 | D:11     | Noticed a hill giant
 11074 | D:11     | Killed a hill giant
 11516 | D:11     | Reached skill level 10 in Fighting
 12205 | D:12     | Noticed Erica
 12229 | D:12     | HP: 1/99 [wyvern (12)]
 12231 | D:12     | Slain by Erica

Action                   |  1- 3 |  4- 6 |  7- 9 | 10-12 || total
-------------------------+-------+-------+-------+-------++-------
Melee: Long sword        |    94 |   121 |   546 |   653 ||  1414
       Short sword       |       |       |       |     6 ||     6
Invok: Heroism           |       |       |     1 |     6 ||     7
Evoke: Wand              |       |       |    13 |       ||    13
  Use: Scroll            |       |       |    21 |     2 ||    23
       Potion            |       |       |     3 |     6 ||     9
  Eat: Chunk             |       |     4 |    14 |    14 ||    32
       Beef jerky        |       |       |     1 |     4 ||     5
       Fruit             |       |       |       |     1 ||     1
